 Dungeon Crawl Stone Soup version 0.27-a0-1083-gcf8293e1eb (webtiles) character file.

Game seed: 3250491365270712422

920 Drevant2 the Conjurer (level 7, -4/50 HPs)
             Began as a Demigod Conjurer on Apr 26, 2021.
             Slain by Edmund
             ... wielding a +1 dire flail of protection
              (15 damage)
             ... on level 4 of the Dungeon.
             The game lasted 00:17:29 (6083 turns).

Drevant2 the Conjurer (Demigod Conjurer)            Turns: 6083, Time: 00:17:29

Health: -4/50      AC:  2    Str: 12    XL:     7   Next: 53%
Magic:  2/12       EV: 12    Int: 24    God:
Gold:   291        SH:  0    Dex: 12    Spells: 6/9 levels left

rFire    . . .     SeeInvis .   b - +4 short sword (drain)
rCold    . . .     Faith    .   (no shield)
rNeg     . . .     Spirit   .   a - +0 robe
rPois    .         Reflect  .   (no helmet)
rElec    .         Harm     .   (no cloak)
rCorr    .         Rampage  .   (no gloves)
Will     .....                  (no boots)
Stlth    ++........             (no amulet)
HPRegen  0.16/turn              (no ring)
MPRegen  0.13/turn              (no ring)

@: no status effects
A: high mp 1, forlorn
a: no special abilities


You were on level 4 of the Dungeon.
You visited 1 branch of the dungeon, and saw 5 of its levels.

You collected 291 gold pieces.

Inventory:

Hand Weapons
 b - a +4 short sword of draining (weapon)
Missiles
 d - 9 boomerangs of dispersal
 q - 2 throwing nets
Armour
 a - a +0 robe (worn)
Jewellery
 f - a +6 ring of intelligence
 i - an amulet of the acrobat
Scrolls
 c - 2 scrolls of fear
 e - a scroll of enchant weapon
 h - 2 scrolls of identify
 m - a scroll of amnesia {unknown}
 n - a scroll of brand weapon {unknown}
 o - a scroll of magic mapping {unknown}
Potions
 g - a potion of cancellation
 j - 2 potions of curing {unknown}
 k - a potion of heal wounds {unknown}
 l - a potion of might {unknown}
 p - a potion of resistance


   Skills:
 + Level 5.5 Short Blades
 - Level 1.7 Dodging
 - Level 1.7 Stealth
 - Level 1.7 Spellcasting
 + Level 6.9 Conjurations


You had 6 spell levels left.
You knew the following spells:

 Your Spells              Type           Power      Damage    Failure   Level
a - Magic Dart            Conj           100%       1d8       1%          1
b - Searing Ray           Conj           70%        3d5       1%          2

Your spell library contained the following spells:

 Spells                   Type           Power      Damage    Failure   Level
 Dazzling Flash           Conj/Hex       36%        N/A       9%          3
 Animate Skeleton         Necr           4%         N/A       12%         1
 Pain                     Necr           8%         1d4       12%         1
 Fulminant Prism          Conj/Hex       9%         3d7       28%         4
 Iskenderun's Mystic Bla  Conj/Tloc      18%        2d6       28%         4
 Vampiric Draining        Necr           1%         2d6       36%         3
 Animate Dead             Necr           1%         N/A       77%         4
 Agony                    Necr           2%         N/A       98%         5


Dungeon Overview and Level Annotations

Branches:
Dungeon (5/15)
 Temple: D:4-7

Shops:
D:2 [=

Annotations:
D:4 2 transporters, Duvessa, Edmund


Innate Abilities, Weirdness & Mutations

Your attributes grow dramatically as you level up.
You have an increased reservoir of magic. (+10% MP)
You shall have no god before yourself.


Message History

Aiming: Searing Ray (safe; 1% risk of failure)
Press: ? - help, Shift-Dir - straight line, f - Edmund
Aim: Edmund, wielding a +1 dire flail of protection and wearing a +0 chain mail (86% to hit)
The searing ray hits Edmund.
Edmund is lightly wounded. (Press . to maintain the ray.) Edmund hits you with a +1 dire flail of protection.
The searing ray hits Edmund.
Edmund is lightly wounded.
Edmund hits you with a +1 dire flail of protection.
The searing ray hits Edmund!
Edmund is moderately wounded.
Edmund barely misses you.
The searing ray hits Edmund!
Edmund is severely wounded.
You finish channeling your searing ray.
Edmund hits you with a +1 dire flail of protection!
Casting: Searing Ray (safe; 1% risk of failure)
Confirm with . or Enter, or press ? or * to list all spells.
Aiming: Searing Ray (safe; 1% risk of failure)
Press: ? - help, Shift-Dir - straight line, f/p - Edmund
Aim: Edmund, wielding a +1 dire flail of protection and wearing a +0 chain mail (severely wounded, 86% to hit)
The searing ray hits Edmund!
Edmund is almost dead. (Press . to maintain the ray.) Edmund hits you with a +1 dire flail of protection!
The searing ray hits Edmund.
Edmund is almost dead.
Edmund hits you with a +1 dire flail of protection.
* * * LOW HITPOINT WARNING * * *
The searing ray hits Edmund.
Edmund is almost dead.
Edmund barely misses you.
The searing ray hits Edmund.
Edmund is almost dead.
You finish channeling your searing ray.
Edmund hits you with a +1 dire flail of protection.
* * * LOW HITPOINT WARNING * * *
Edmund hits you with a +1 dire flail of protection!
You die...

......##
.......#
#####
.......#
#...#
.......#
#...
.......#
##..#
.......#
#...#
.......#
...#
.......#
##@#
.......#
#>@#
.......#
#..#
.....###
##.##
....##
#..#
..###
##.## #.#
#..# #)##
####..#
...##
#....###
....###
###....##


You could see Edmund.

Vanquished Creatures
  2 ogres
  A phantom (D:4)
  2 scorpions (D:5)
  Dowan (D:4)
  2 howler monkeys
  2 hounds (D:4)
  A jelly (D:5)
  Jessica (D:2)
  An iguana (D:4)
  2 orc wizards
  2 hound skeletons (D:4)
  3 adders
  8 gnolls
  A white imp (D:5)
  An adder zombie (D:5)
  An adder skeleton (D:4)
  3 worms
  2 dart slugs
  9 orcs
  6 ball pythons
  3 bats
  4 endoplasms
  4 giant cockroaches
  7 goblins
  9 hobgoblins
  7 jackals
  3 quokkas
  7 kobolds
  A quokka skeleton (D:4)
  5 rats
101 creatures vanquished.

Notes
Turn   | Place    | Note
-------+----------+-------------------------------------------
     0 | D:1      | Drevant2 the Demigod Conjurer began the quest for the Orb.
     0 | D:1      | Reached XP level 1. HP: 14/14 MP: 5/5
   272 | D:1      | Reached skill level 4 in Conjurations
   334 | D:1      | Reached XP level 2. HP: 20/20 MP: 7/7
   926 | D:2      | Found Misaorpho's Jewellery Shop.
   970 | D:2      | Reached skill level 1 in Short Blades
  1141 | D:2      | Found Yfenkeid's Armour Shop.
  1433 | D:2      | Noticed Jessica
  1436 | D:2      | Killed Jessica
  1437 | D:2      | Reached XP level 3. HP: 21/26 MP: 8/8
  1716 | D:3      | Learned a level 2 spell: Searing Ray
  2253 | D:3      | Reached XP level 4. HP: 27/33 MP: 9/9
  2897 | D:4      | Found a transporter.
  3169 | D:4      | Reached skill level 5 in Conjurations
  3314 | D:4      | Reached XP level 5. HP: 38/38 MP: 5/10
  3880 | D:4      | Reached XP level 6. HP: 45/45 MP: 6/11
  4219 | D:4      | Noticed Dowan
  4519 | D:4      | Found a transporter.
  4897 | D:5      | Entered Level 5 of the Dungeon
  4943 | D:5      | Reached skill level 6 in Conjurations
  5280 | D:4      | Killed Dowan
  5287 | D:4      | Noticed Duvessa
  5435 | D:4      | Reached XP level 7. HP: 50/50 MP: 7/12
  5516 | D:4      | Noticed Edmund
  5529 | D:5      | Reached skill level 5 in Short Blades
  5964 | D:5      | Identified the +4 hunting sling of the Chopping Bear
                  | {speed, Str+4}
  6083 | D:4      | Slain by Edmund

Illustrated notes

Levels and vault maps discovered:
D:1:      dpeg_arrival_prison, layout_loops_ring
D:2:      layout_basic, serial_shops, nicolae_shop_stone, shop,
          hellmonk_ecumenical_altar_leap_of_faith, uniq_jessica
D:3:      cheibrodos_greedy_goblins, layout_basic
D:4:      gammafunk_cloud_chamber, layout_cave_pods, amcnicky_altar_gilded,
          zin_scriptorium, uniq_duvessa, uniq_edmund
D:5:      layout_cave_pools, uniq_crazy_yiuf_cottage

Skill      XL: |  1  2  3  4  5  6  7 |
---------------+----------------------+-----
Conjurations   | 4 5 6 |  6.9
Short Blades   | 1 2 3 4 5 |  5.5
Dodging        | |  1.7
Stealth        | |  1.7
Spellcasting   | |  1.7

Action                   |  1- 3 |  4- 6 |  7- 9 || total
-------------------------+-------+-------+-------++-------
Melee: Short sword       |    50 |    35 |    14 ||    99
 Cast: Magic Dart        |    26 |    89 |    28 ||   143
       Searing Ray       |     2 |    16 |     3 ||    21
  Use: Scroll            |       |     5 |       ||     5
 Stab: Sleeping          |     5 |     1 |       ||     6
Armor: Robe              |    10 |     5 |     2 ||    17
Dodge: Dodged            |    27 |    24 |     9 ||    60

Table legend: (Time is in decaauts)
 A = Elapsed time spent in this place.
 B = Non-inter-level travel time spent in this place.
 C = Inter-level travel time spent in this place.
 D = Time resting spent in this place.
 E = Time spent auto-exploring this place.
 F = Levels seen in this place.
 G = Mean time per level.
                   A        B        C        D        E       F      G
               +--------+--------+--------+--------+--------+-----+--------+
         Total |   6081 |   5556 |    525 |   1834 |   2734 |   5 | 1216.2 |
       Dungeon |   6081 |   5556 |    525 |   1834 |   2734 |   5 | 1216.2 |
               +--------+--------+--------+--------+--------+-----+--------+

Top non-repeatable levels by time:
     D:4: 2398 daAuts
     D:3: 1403 daAuts
     D:1: 911 daAuts
     D:2: 718 daAuts
     D:5: 649 daAuts
